 Dungeon Crawl Stone Soup version 0.27-a0-1532-gca18f49f40 (webtiles) character file.

Game seed: 5025931957704280476

112 nyamberluvr69 the Slasher (level 4, 0/33 HPs)
             Began as an Octopode Berserker on July 12, 2021.
             Was a Believer of Trog.
             Succumbed to a kobold brigand's curare-tipped dart
             ... in a sewer.
             The game lasted 00:02:45 (2543 turns).

nyamberluvr69 the Slasher (Octopode Berserker)      Turns: 2543, Time: 00:02:46

Health: 0/33       AC:  1    Str: 16    XL:     4   Next: 95%
Magic:  4/4        EV: 13    Int:  9    God:    Trog [**....]
Gold:   50         SH:  4    Dex: 12    Spells: 3/3 levels left

rFire    . . .     SeeInvis .   a - +0 falchion
rCold    . . .     Faith    .   k - +0 buckler
rNeg     . . .     Spirit   .   (helmet restricted)
rPois    .         Reflect  .   (no amulet)
rElec    .         Harm     .   (no ring)
rCorr    .         Rampage  .   (no ring)
Will     .....                  (no ring)
Stlth    +++.......             (no ring)
HPRegen  0.11/turn              (no ring)
MPRegen  0.09/turn              (no ring)
                                (no ring)
                                (no ring)

@: lethally poisoned (0 -> -19), slowed, very slow
A: almost no armour, amphibious, 8 rings, camouflage 1, gelatinous body 1,
nimble swimmer 1, tentacles
a: Renounce Religion, Berserk, Trog's Hand


You were in a sewer.
You worshipped Trog.
Trog was pleased with you.
You visited 1 branch of the dungeon, and saw 3 of its levels.
You also visited: Sewer.

You collected 50 gold pieces.

Inventory:

Hand Weapons
 a - a +0 falchion (weapon)
Armour
 k - a +0 buckler (worn)
Scrolls
 b - a scroll of torment {unknown}
 c - a scroll of acquirement {unknown}
 e - 4 scrolls of identify {unknown}
 g - a scroll of vulnerability {unknown}
 l - a scroll of enchant armour {unknown}
Potions
 d - a potion of heal wounds {unknown}
 f - a potion of magic {unknown}
 h - a potion of degeneration {unknown}
 i - a potion of might {unknown}
 j - a potion of brilliance {unknown}


   Skills:
 - Level 4.1 Fighting
 - Level 4.1 Long Blades
 - Level 3.0 Dodging
 + Level 1.7 Shields


You had 3 spell levels left.
You didn't know any spells.
Your spell library was empty.

Dungeon Overview and Level Annotations

Branches:
Dungeon (3/15)              Sewer (1/1)

Altars:
Trog
Zin


Innate Abilities, Weirdness & Mutations

You cannot wear most types of armour.
You are amphibious.
You can wear up to eight rings at the same time.
Your skin changes colour to match your surroundings (Stealth+).
Your rubbery body absorbs attacks. (AC +1, EV +1)
You are camouflaged near water. (Stealth+)
You have tentacles for arms and can constrict up to eight enemies at once.


Message History

The kobold brigand is wielding a +0 dagger and quivering curare-tipped darts.
The kobold shouts! x2; The kobold brigand shouts!
The kobold shouts!
The kobold hits you with a +0 club.
The jackal barks!
The kobold shouts!
The jackal bites you. x2
The kobold throws a stone.
You block the stone.
The kobold throws a stone.
The stone closely misses you.
The kobold throws a stone.
The stone completely misses you.
The kobold throws a stone.
The stone barely misses you.
The kobold throws a stone.
The stone closely misses you.
You start resting.
HP restored.
The kobold throws a stone.
The stone hits you.
The kobold throws a stone.
The stone barely misses you.
The jackal barks!
You hit the jackal. Your grab misses the jackal.
You squeeze the jackal, but do no damage.
The jackal is almost dead.
The jackal barely misses you.
The kobold throws a stone.
You block the stone.
You hit the jackal.
You kill the jackal!
Trog accepts your kill.
The kobold brigand throws a curare-tipped dart.
The curare-tipped dart hits you.
You are poisoned.
You have difficulty breathing.
You feel yourself slow down.
You feel very sick.
You feel very sick.
The kobold throws a stone.
The stone hits you.
The kobold throws a stone.
The stone barely misses you.
Unknown command.
You feel sick.
The kobold brigand throws a curare-tipped dart.
The curare-tipped dart hits you.
You are lethally poisoned!
You have difficulty breathing.
* * * LOW HITPOINT WARNING * * *
You feel as though you will be slow longer.
You die...

#≈# #≈# #≈# #≈# ##≈##
.≈≈≈#######
..≈≈..≈...#######
≈≈≈≈≈≈≈≈≈KK≈≈≈≈≈####
≈≈≈≈≈≈≈≈≈≈≈≈≈≈≈≈@≈≈###
K≈≈≈≈≈≈≈≈≈KK≈≈≈###≈≈≈#
..........###### #####
....###.### ##### #∩#
###


You could see a kobold brigand and 3 kobolds.

Vanquished Creatures
  Natasha (D:2)
  An adder (D:3)
  A river rat (D:3)
  A worm (D:2)
  A dart slug (D:1)
  2 orcs (D:3)
  2 ball pythons
  6 endoplasms
  3 giant cockroaches (D:2)
  5 hobgoblins
  12 jackals
  3 quokkas
  2 bats
  5 frilled lizards
  3 goblins (D:1)
  2 kobolds
  9 rats
59 creatures vanquished.

Notes
Turn   | Place    | Note
-------+----------+-------------------------------------------
     0 | D:1      | nyamberluvr69 the Octopode Berserker began the quest for
                  | the Orb.
     0 | D:1      | Reached XP level 1. HP: 16/16 MP: 1/1
   195 | D:1      | Reached XP level 2. HP: 21/21 MP: 2/2
   196 | D:1      | Found a faded altar of an unknown god.
   704 | D:1      | Reached XP level 3. HP: 26/26 MP: 3/3
  1404 | D:2      | Reached ** piety under Trog
  1882 | D:2      | Noticed Natasha
  1889 | D:2      | Killed Natasha
  1890 | D:2      | Reached XP level 4. HP: 33/33 MP: 4/4
  1986 | D:2      | Found a glowing silver altar of Zin.
  2085 | D:3      | Found a bloodstained altar of Trog.
  2210 | D:3      | Reached skill level 1 in Shields
  2301 | D:3      | Found a glowing drain.
  2325 | Sewer    | Entered a sewer
  2458 | Sewer    | Noticed a kobold brigand
  2543 | Sewer    | Succumbed to a kobold brigand's curare-tipped dart

Illustrated notes

Levels and vault maps discovered:
D:1:      co_arrival_square_in_a_square_in_a_square, layout_basic,
          basic_ecumenical_altar
D:2:      layout_basic, basic_altar, uniq_natasha
D:3:      layout_loops_ring, slow_altar_2, trog_three_pillars_becter,
          nicolae_ru_path_of_blood, cheibrodos_sewer_entry_sluice
Sewer:    sewer_kobolds

Skill      XL: |  1  2  3  4 |
---------------+-------------+-----
Fighting       | 4 |  4.1
Long Blades    | 4 |  4.1
Shields        | 1 |  1.7
Dodging        | |  3.0

Action                   |  1- 3 |  4- 6 || total
-------------------------+-------+-------++-------
Melee: Falchion          |    74 |    25 ||    99
       Constrict         |    23 |     7 ||    30
       Tentacles         |    11 |     3 ||    14
 Stab: Sleeping          |     9 |     5 ||    14
Armor: Skin              |     6 |     2 ||     8
Dodge: Dodged            |    43 |    12 ||    55
Block: Buckler           |       |     6 ||     6
       Rpst.: Falchion   |    12 |     2 ||    14

Table legend: (Time is in decaauts)
 A = Elapsed time spent in this place.
 B = Non-inter-level travel time spent in this place.
 C = Inter-level travel time spent in this place.
 D = Time resting spent in this place.
 E = Time spent auto-exploring this place.
 F = Levels seen in this place.
 G = Mean time per level.
                   A        B        C        D        E       F      G
               +--------+--------+--------+--------+--------+-----+--------+
         Total |   2557 |   2524 |     33 |     43 |   2095 |   4 |  639.2 |
       Dungeon |   2337 |   2304 |     33 |      0 |   1975 |   3 |  779.0 |
         Sewer |    220 |    220 |      0 |     43 |    120 |   1 |  220.0 |
               +--------+--------+--------+--------+--------+-----+--------+

Top non-repeatable levels by time:
     D:1: 1159 daAuts
     D:2: 928 daAuts
     D:3: 248 daAuts
   Sewer: 220 daAuts
